 Dungeon Crawl Stone Soup version 0.31.0-11-ge490571c62 (webtiles) character file.

Game seed: 505594647719076042

152 qw the Shooter (level 5, -1/26 HPs)
             Began as a Spriggan Hunter on Feb 4, 2024.
             Killed from afar by Ijyb (15 damage)
             ... with an iceblast
             ... on level 3 of the Dungeon.
             The game lasted 00:00:46 (2262 turns).

qw the Shooter (Spriggan Hunter)                    Turns: 2262, Time: 00:00:46

Health: -1/26      AC:  2    Str:  7    XL:     5   Next: 11%
Magic:  6/6        EV: 20    Int: 10    God:
Gold:   103        SH:  0    Dex: 21    Spells: 4/4 levels left

rFire   . . .        a - +0 shortbow (freeze)
rCold   . . .        (shield currently unavailable)
rNeg    . . .        c - +0 robe
rPois   .            (helmet restricted)
rElec   .            (no cloak)
rCorr   .            (gloves unavailable)
SInv    +            (boots unavailable)
Will    .....        (no amulet)
Stlth   ++           (no ring)
HPRegen 0.24/turn    (no ring)
MPRegen 0.10/turn

%: no passive effects
@: very quick
A: very small, no large weapons, unfitting armour, see invisible, speed 3
a: no special abilities


You were on level 3 of the Dungeon.
You visited 1 branch of the dungeon, and saw 3 of its levels.

You collected 103 gold pieces.


Innate Abilities, Weirdness & Mutations

You are very small and have problems with some larger weapons.
You are too small for most types of armour.
You have supernaturally acute eyesight. (SInv)
You cover ground extremely quickly. (Speed+++)


   Skills:
 - Level 2.3 Fighting
 + Level 5.1 Ranged Weapons
 - Level 5.0 Dodging
 - Level 1.5 Stealth


You had 4 spell levels left.
You didn't know any spells.
Your spell library was empty.

Inventory:

Hand Weapons
 a - a +0 shortbow of freezing (weapon)
Armour
 c - a +0 robe (worn)
Scrolls
 h - a scroll of identify
Potions
 b - a potion of berserk rage {unknown}
 d - a potion of heal wounds {unknown}
 e - a potion of curing
 f - a potion of degeneration {unknown}
 g - a potion of attraction {unknown}
 i - 2 potions of haste {unknown}
 j - a potion of resistance {unknown}

Dungeon Overview and Level Annotations

Branches:
Dungeon (3/15)

Altars:

Annotations:
D:2 1 runed translucent door, Crazy Yiuf
D:3 Ijyb, Natasha


Message History

Enter note:
Enter note:
Enter note: You shoot an arrow.
The arrow closely misses the goblin.
A goblin comes into view. It is wielding a +0 dagger.
You shoot an arrow. The arrow hits the goblin.
The arrow freezes the goblin.
You kill the goblin!
You shoot an arrow. The arrow barely misses the goblin.
You shoot an arrow. The arrow hits the goblin.
The arrow freezes the goblin.
The goblin is heavily wounded.
You shoot an arrow. The arrow closely misses the goblin.
You shoot an arrow. The arrow hits the goblin!
The arrow freezes the goblin.
You kill the goblin!
You see here a +0 club.
Found a stone staircase leading down.
Things that are here:
a +0 dagger; a goblin corpse
j - a metallic cyan potion You see here a +0 mace.
Enter note: Ijyb the Twisted Goblin comes into view.
She is wielding a +4 club and carrying a wand of iceblast.
Ijyb shouts!
You shoot an arrow. The arrow hits Ijyb but does no damage.
You hear an angry hiss.
Natasha, Servant of Life and Death comes into view.
You shoot an arrow. The arrow hits Ijyb.
The arrow freezes Ijyb.
Ijyb is moderately wounded.
Ijyb zaps a wand.
The mass of ice explodes!
The iceblast engulfs you!
Ouch! That really hurt!
You hear a shout!
You shoot an arrow. The arrow hits Ijyb but does no damage.
Ijyb is moderately wounded.
Natasha casts a spell.
Natasha mumbles some strange words.
You feel disoriented.
You shoot an arrow. The arrow hits Ijyb but does no damage.
Ijyb is moderately wounded.
Ijyb zaps a wand.
The mass of ice explodes!
The iceblast engulfs you!
Ouch! That really hurt!
You die...

#.......##.#).....).#
#.####..#
#.#.###....)........#
#...?...# #.#.#
####.........>#
######..# #.#.#
#.#........#########..#
#.#.#
#.#...................##
#.#.#
#..........########.....
#.# ###.....##.# ##....
....#.#.##.# #####
#####.#@##.# # #.#.##.#
..##.# g..##.# h......#
......#.# .......
.......##


You could see Ijyb and Natasha.

Vanquished Creatures
  Jessica (D:2)
  Terence (D:3)
  4 adders
  2 adder skeletons (D:2)
  4 dart slugs
  A ribbon worm (D:2)
  4 bats
  5 endoplasms
  3 giant cockroaches (D:1)
  2 hobgoblins
  2 quokkas
  2 ball pythons (D:2)
  A frilled lizard (D:1)
  9 goblins
  2 kobolds
  2 quokka skeletons (D:2)
  A quokka zombie (D:2)
  5 rats
51 creatures vanquished.

Notes
Turn   | Place    | Note
-------+----------+-------------------------------------------
     0 | D:1      | qw the Spriggan Hunter began the quest for the Orb.
     0 | D:1      | Reached XP level 1. HP: 10/10 MP: 2/2
     0 | D:1      | 0 ||| qw: Version: 0.3-a-160-g6735b56
     0 | D:1      | 0 ||| qw: Game counter: 6008
     0 | D:1      | 0 ||| qw: Melee chars always use a shield: true
     0 | D:1      | 0 ||| qw: God list: Okawaru
     0 | D:1      | 0 ||| qw: Allow faded altars: false
     0 | D:1      | 0 ||| qw: Do Orc after clearing Dungeon:15 true
     0 | D:1      | 0 ||| qw: Do second Lair branch before Depths: true
     0 | D:1      | 0 ||| qw: Lair rune preference: random
     0 | D:1      | 0 ||| qw: Goals: Normal
     0 | D:1      | 0 ||| PLANNING D:1-11
    73 | D:1      | Found a faded altar of an unknown god.
   117 | D:1      | Reached skill level 3 in Dodging
   181 | D:1      | Reached XP level 2. HP: 14/14 MP: 3/3
   792 | D:1      | 792 ||| READING scroll labelled OSHRYE WIUREMPO.
   792 | D:1      | 792 ||| ENCHANTING +0 shortbow.
   793 | D:1      | 793 ||| READING scroll labelled JIEH AHUSEUSCH.
   793 | D:1      | 793 ||| IDENTIFYING fizzy emerald potion
   794 | D:1      | 794 ||| DROPPING scroll of butterflies.
   833 | D:2      | Noticed Jessica
   835 | D:2      | Killed Jessica
   836 | D:2      | Reached XP level 3. HP: 18/18 MP: 4/4
   943 | D:2      | Found a runed translucent door.
   944 | D:2      | Noticed Crazy Yiuf
  1059 | D:2      | Reached XP level 4. HP: 22/22 MP: 5/5
  1668 | D:2      | 1668 ||| DROPPING scarf of shadows.
  1669 | D:2      | 1669 ||| READING scroll labelled FIUVAOT ODWOC.
  1669 | D:2      | 1669 ||| BRANDING +0 shortbow.
  1670 | D:2      | 1670 ||| READING scroll labelled HYSUUTHRIUNG.
  1671 | D:2      | 1671 ||| READING scroll labelled UDIRON ITYGG.
  1673 | D:2      | 1673 ||| Stepping ~*~*~tactically~*~*~ (cloud).
  1898 | D:3      | Noticed Terence
  1903 | D:3      | Killed Terence
  1904 | D:3      | Reached XP level 5. HP: 26/26 MP: 6/6
  2258 | D:3      | Noticed Ijyb
  2259 | D:3      | Noticed Natasha
  2262 | D:3      | Killed from afar by Ijyb

Levels and vault maps discovered:
D:1:      elethiomel_arrival_maze, layout_basic,
          chequers_ecumenical_altar_simple
D:2:      layout_loops_ring, serial_undead, serial_undead_c, serial_undead_a,
          serial_undead_b, serial_undead_d, uniq_jessica,
          uniq_crazy_yiuf_cottage
D:3:      layout_loops_ring, uniq_ijyb, uniq_terence, uniq_natasha

Skill      XL: |  1  2  3  4 |
---------------+-------------+-----
Dodging        | 3 4 5 |  5.0
Ranged Weapons | 5 |  5.1
Fighting       | 2 |  2.3
Stealth        | |  1.5

Action                     |  1- 3 |  4- 6 || total
---------------------------+-------+-------++-------
   Fire: Shortbow          |    84 |    83 ||   167
    Use: Scroll            |     2 |     3 ||     5
 Armour: Robe              |    14 |     9 ||    23
  Dodge: Dodged            |    41 |    16 ||    57

Table legend:
 A = Non-vault XP
 B = Vault XP
 C = Vault XP percentage of total XP
 D = Non-vault monster count
 E = Vault monster count
 F = Vault count percentage of total count
                 A         B        C        D         E       F
            +---------+---------+-------+---------+---------+-------
      Total |     132 |      86 |  39.4 |      44 |       7 |  13.7
            +---------+---------+-------+---------+---------+-------
        D:1 |      21 |       0 |   0.0 |      12 |       0 |   0.0
        D:2 |      83 |      50 |  37.6 |      24 |       6 |  20.0
        D:3 |      28 |      36 |  56.2 |       8 |       1 |  11.1
            +---------+---------+-------+---------+---------+-------
